 Dungeon Crawl Stone Soup version 0.23.2-33-g5129a83184 (webtiles) character file.

Game seed: 10421360374229832753

5889 funkygono the Basher (level 11, -2/86 HPs)
             Began as a Formicid Fighter on July 26, 2019.
             Was a High Priest of Nemelex Xobeh.
             Slain by Snorg (19 damage)
             ... on level 11 of the Dungeon.
             The game lasted 00:33:20 (10623 turns).

funkygono the Basher (Formicid Fighter)            Turns: 10623, Time: 00:33:20

Health: -2/86      AC: 13    Str: 28    XL:     11   Next: 8%
Magic:  12/14      EV:  9    Int: 14    God:    Nemelex Xobeh [*****.]
Gold:   390        SH: 18    Dex: 10    Spells: 12/14 levels left

rFire    + . .     SeeInvis +   a - +3 flail
rCold    . . .     Gourm    .   F - +0 large shield {rF+}
rNeg     . . .     Faith    .   b - +0 scale mail
rPois    .         Spirit   .   (helmet unavailable)
rElec    .         Reflect  .   s - +2 cloak
rCorr    .         Harm     .   (no gloves)
MR       +....                  w - +1 pair of boots
Stlth    +.........             (no amulet)
HPRegen  0.24/turn              B - +6 ring of intelligence
MPRegen  0.14/turn              H - +4 ring of strength

@: very slightly contaminated
A: permanent stasis, dig shafts and tunnels, four strong arms, antennae 3
a: Dig, Shaft Self, Draw Escape, Draw Destruction, Draw Summoning, Triple Draw,
Deal Four, Stack Five, Renounce Religion


You were on level 11 of the Dungeon.
You worshipped Nemelex Xobeh.
Nemelex Xobeh was extremely pleased with you.
You were hungry.

You visited 2 branches of the dungeon, and saw 12 of its levels.

You collected 390 gold pieces.

Inventory:

Hand Weapons
 a - a +3 flail (weapon)
Missiles
 h - 369 stones (quivered)
Armour
 b - a +0 scale mail (worn)
 c - a +2 shield
 s - a +2 cloak (worn)
 w - a +1 pair of boots (worn)
 F - a +0 large shield of fire resistance (worn)
Jewellery
 n - an uncursed ring of stealth
 p - an uncursed ring of protection from magic
 x - an uncursed ring of resist corrosion
 B - a +6 ring of intelligence (left hand)
 D - a +3 ring of evasion
 H - a +4 ring of strength (right hand)
Wands
 g - a wand of polymorph (10)
 v - a wand of flame (4)
 y - a wand of paralysis (20)
 z - a wand of acid (6)
 C - a wand of random effects (14)
 E - a wand of disintegration (18)
 I - a wand of enslavement (9)
 J - a wand of iceblast (10)
Scrolls
 l - 2 scrolls of remove curse
 q - 2 scrolls of fog
 u - a scroll of amnesia
 L - a scroll of magic mapping
Potions
 d - 5 potions of might
 e - 3 potions of degeneration
 i - 2 potions of lignification
 j - a potion of flight
 k - 3 potions of heal wounds
 m - 7 potions of curing
 o - 2 potions of mutation
 r - 4 potions of resistance
 t - 2 potions of brilliance
 A - a potion of invisibility {unknown}
 G - a potion of cancellation {unknown}
 M - a potion of ambrosia {unknown}
Comestibles
 f - 29 rations
 K - 3 chunks of flesh


   Skills:
 + Level 7.8 Fighting
 + Level 9.9 Maces & Flails
 + Level 7.6 Armour
 + Level 3.6 Dodging
 + Level 2.5 Stealth
 + Level 8.5 Shields
 + Level 2.4 Spellcasting
 + Level 2.3 Hexes
 + Level 1.3 Earth Magic


You had 12 spell levels left.
You knew the following spells:

 Your Spells              Type           Power        Failure   Level  Hunger
a - Confusing Touch       Hex            #.....       56%         1    #......
b - Sandblast             Erth           #.....       71%         1    #......

Your spell library contained the following spells:

 Spells                   Type           Power        Failure   Level  Hunger
 Summon Butterflies       Summ           #.......     88%         1    #......
 Confuse                  Hex            #.......     90%         3    ###....
 Passwall                 Tmut/Erth      #.......     91%         2    ###....
 Call Canine Familiar     Summ           #.......     99%         3    ###....
 Gell's Gravitas          Tloc           #.........   99%         3    ###....
 Stone Arrow              Conj/Erth      #.....       99%         3    ###....
 Petrify                  Tmut/Erth      #.......     100%        4    #####..
 Summon Ice Beast         Ice/Summ       #.......     100%        4    #####..
 Lee's Rapid Deconstruct  Erth           #.........   100%        5    ######.
 Metabolic Englaciation   Hex/Ice        #.........   100%        5    ######.
 Summon Mana Viper        Hex/Summ       #.......     100%        5    ######.
 Yara's Violent Unravell  Hex/Tmut       #.........   100%        5    ######.
 Summon Hydra             Summ           #.........   100%        7    #######


Dungeon Overview and Level Annotations

Branches:
Dungeon (11/15)            Temple (1/1) D:4             Orc (0/2) D:9
   Lair: D:8-11

Altars:
Ashenzari
Cheibriados
Dithmenos
Elyvilon
Fedhas
Gozag
Hepliaklqana
Kikubaaqudgha
Makhleb
Nemelex Xobeh
Okawaru
Qazlal
Ru
Sif Muna
Trog
Uskayaw
Vehumet
Wu Jian
Xom
Yredelemnul
Zin
The Shining One

Shops:
D:4 *?*   D:10 [

Annotations:
D:5 1 runed translucent door, Frank's ghost, amateur DgGl
D:11 Snorg


Innate Abilities, Weirdness & Mutations

You cannot be hasted, slowed, berserked, paralysed or teleported.
You can dig through walls and to a lower floor.
Your four strong arms can wield two-handed weapons with a shield.
You have a pair of large antennae on your head. (SInv)


Message History

You closely miss Snorg.
Snorg is heavily wounded.
You block Snorg's attack. Snorg claws you but does no damage.
You block Snorg's attack. x2; Snorg closely misses you.
Snorg claws you!
You bludgeon Snorg!!
Snorg is heavily wounded.
Snorg bites you! You block Snorg's attack. x2
You completely miss Snorg.
Snorg is heavily wounded.
Snorg bites you. Snorg claws you!! You block Snorg's attack. x3
Snorg claws you!
* * * LOW HITPOINT WARNING * * *
You completely miss Snorg.
Snorg is heavily wounded.
You block Snorg's attack. x2; Snorg closely misses you.
You sock Snorg!
Snorg is heavily wounded.
Snorg bites you!!
You die...
Your body disappears without a glow.

.......<..........
.....................
....................
....................
.....##.....)..#########
....................#...
....................#...
...%..T.............#...
.......@........(((.#...
....................#...
#######.......#....##...
.....................<
......................
.......................
.......................
.......................
#######################


You could see Snorg (berserk).

Vanquished Creatures
  A wraith (D:10)
  A hungry ghost (D:10)
  Eustachio (D:4)
  A soldier ant (D:9)
  An orc warrior (D:6)
  3 sky beasts
  3 phantoms
  An ice beast (D:8)
  6 ogres
  Blork the orc (D:4)
  A big kobold (D:9)
  4 bullfrogs
  3 scorpions
  A wyvern skeleton (D:8)
  2 troll zombies (D:9)
  2 howler monkeys
  2 crimson imps
  A centaur zombie (D:9)
  2 jellies
  A bullfrog zombie (D:5)
  4 hounds
  3 bullfrog skeletons
  3 orc priests
  A centaur skeleton (D:5)
  2 iguanas
  7 orc wizards
  A worker ant (D:2)
  5 ogre zombies (D:9)
  A hound skeleton (D:3)
  6 adders
  3 gnolls (D:5)
  2 shadow imps (D:10)
  2 oozes
  2 adder skeletons
  A worm (D:3)
  6 dart slugs
  4 leopard geckos
  22 orcs
  A ball python (D:2)
  2 giant cockroaches
  7 goblins
  12 hobgoblins
  22 jackals
  A quokka (D:7)
  7 bats
  5 frilled lizards
  A goblin zombie (D:9)
  2 hobgoblin skeletons (D:9)
  A hobgoblin zombie (D:9)
  A jackal skeleton (D:5)
  2 jackal zombies
  22 kobolds
  A leopard gecko zombie (D:5)
  6 orc skeletons (D:9)
  12 orc zombies (D:9)
  7 rats
225 creatures vanquished.

Vanquished Creatures (collateral kills)
  2 hornets (D:9)
  A soldier ant (D:8)
  An orc warrior (D:9)
  An ice beast (D:7)
  2 phantoms
  A big kobold (D:8)
  A bullfrog (D:8)
  A crimson imp (D:9)
  An orc priest (D:9)
  3 orc wizards
  An iguana (D:8)
  3 worker ants
  An ogre zombie (D:9)
  A leopard gecko (D:9)
  3 orcs
  A quokka (D:8)
  2 kobolds
  3 orc zombies (D:9)
29 creatures vanquished.

Vanquished Creatures (others)
  Urug (D:11)
  An unseen horror (D:10)
  9 killer bees
  A crimson imp (D:6)
  A gnoll (D:5)
  4 orcs (D:4)
17 creatures vanquished.

Grand Total: 271 creatures vanquished

Notes
Turn   | Place    | Note
-------+----------+-------------------------------------------
     0 | D:1      | funkygono the Formicid Fighter began the quest for the Orb.
     0 | D:1      | Reached XP level 1. HP: 18/18 MP: 1/1
    91 | D:1      | Reached XP level 2. HP: 24/24 MP: 2/2
   355 | D:1      | Reached XP level 3. HP: 18/29 MP: 3/3
   987 | D:2      | Reached XP level 4. HP: 27/37 MP: 4/4
  1160 | D:2      | Reached skill level 3 in Maces & Flails
  1658 | D:2      | Reached XP level 5. HP: 42/42 MP: 5/5
  2232 | D:3      | Noticed a bullfrog
  2254 | D:3      | Killed a bullfrog
  2254 | D:3      | Reached skill level 4 in Maces & Flails
  2254 | D:3      | Reached skill level 1 in Dodging
  2254 | D:3      | Reached XP level 6. HP: 21/48 MP: 6/6
  3739 | D:4      | Noticed Blork the orc
  3751 | D:4      | Killed Blork the orc
  3751 | D:4      | Reached skill level 5 in Shields
  3751 | D:4      | Reached XP level 7. HP: 47/54 MP: 7/7
  3871 | D:4      | Found a staircase to the Ecumenical Temple.
  3944 | D:4      | Reached skill level 5 in Armour
  3956 | D:4      | Learned a level 1 spell: Confusing Touch
  3964 | Temple   | Entered the Ecumenical Temple
  4027 | Temple   | Became a worshipper of Nemelex Xobeh the Trickster
  4082 | D:4      | Received a gift from Nemelex Xobeh
  4175 | D:4      | Identified the -1 hand axe of Integrity {protect, MR- Str-2
                  | SInv Stlth+}
  4194 | D:4      | Reached skill level 5 in Maces & Flails
  4297 | D:4      | Found Keefreimi's General Store.
  4426 | D:4      | Found Kuet's Magic Scroll Shoppe.
  4436 | D:4      | Reached * piety under Nemelex Xobeh
  4453 | D:4      | Noticed Eustachio
  4461 | D:4      | Killed Eustachio
  4461 | D:4      | Reached XP level 8. HP: 61/61 MP: 8/8
  4826 | D:4      | Found Lajatoir's Assorted Antiques.
  5025 | D:5      | Entered Level 5 of the Dungeon
  5069 | D:5      | Found a shattered altar of Ashenzari.
  5106 | D:5      | Reached skill level 5 in Fighting
  5164 | D:5      | Received a gift from Nemelex Xobeh
  5177 | D:5      | Found a runed translucent door.
  5177 | D:5      | Noticed Frank's ghost (amateur DgGl)
  5246 | D:5      | Reached ** piety under Nemelex Xobeh
  5517 | D:5      | Reached skill level 6 in Maces & Flails
  5871 | D:6      | Reached skill level 1 in Spellcasting
  5871 | D:6      | Reached XP level 9. HP: 68/68 MP: 5/10
  5877 | D:6      | Reached skill level 1 in Stealth
  5877 | D:6      | Reached skill level 1 in Hexes
  6555 | D:7      | Received a gift from Nemelex Xobeh
  6565 | D:7      | Reached skill level 7 in Maces & Flails
  6583 | D:7      | Reached *** piety under Nemelex Xobeh
  6760 | D:7      | Received a gift from Nemelex Xobeh
  7462 | D:8      | Reached **** piety under Nemelex Xobeh
  8099 | D:9      | Found an ancient bone altar of Kikubaaqudgha.
  8108 | D:9      | Received a gift from Nemelex Xobeh
  8170 | D:9      | Reached skill level 8 in Maces & Flails
  8356 | D:9      | Learned a level 1 spell: Sandblast
  8482 | D:9      | Found a staircase to the Orcish Mines.
  8492 | D:9      | Received a gift from Nemelex Xobeh
  8503 | D:9      | Reached XP level 10. HP: 37/76 MP: 12/12
  9278 | D:9      | Reached skill level 9 in Maces & Flails
  9294 | D:9      | Reached skill level 1 in Earth Magic
  9393 | D:9      | Received a gift from Nemelex Xobeh
  9806 | D:10     | Entered Level 10 of the Dungeon
  9823 | D:10     | Found a blossoming altar of Fedhas.
  9978 | D:10     | Noticed an unseen horror
  9983 | D:10     | Killed an unseen horror
 10024 | D:10     | Received a gift from Nemelex Xobeh
 10026 | D:10     | Reached ***** piety under Nemelex Xobeh
 10337 | D:10     | Found Veasing's Antique Armour Boutique.
 10418 | D:10     | Identified a scroll of acquirement
 10473 | D:11     | Noticed Urug
 10483 | D:11     | Killed Urug
 10483 | D:11     | Reached XP level 11. HP: 61/86 MP: 14/14
 10606 | D:11     | Noticed Snorg
 10623 | D:11     | Slain by Snorg

Skill      XL: |  1  2  3  4  5  6  7  8  9 10 |
---------------+-------------------------------+-----
Shields        | 4 5 6 7 8 |  8.5
Maces & Flails | 3 4 5 6 8 9 |  9.9
Armour         | 4 5 6 7 |  7.6
Fighting       | 4 5 6 7 |  7.8
Dodging        | 1 2 3 |  3.6
Spellcasting   | 1 2 |  2.4
Stealth        | 2 |  2.5
Hexes          | 1 2 |  2.3
Earth Magic    | 1 |  1.3

Action                   |  1- 3 |  4- 6 |  7- 9 | 10-12 || total
-------------------------+-------+-------+-------+-------++-------
Melee: Flail             |   103 |   210 |   421 |   142 ||   876
 Cast: Confusing Touch   |       |       |     4 |     5 ||     9
       Sandblast         |       |       |       |     2 ||     2
 Abil: Draw Destruction  |       |       |    29 |    13 ||    42
       Draw Summoning    |       |       |    10 |     6 ||    16
       Draw Escape       |       |       |       |     5 ||     5
  Use: Scroll            |     1 |     3 |    17 |     7 ||    28
       Potion            |       |       |       |     1 ||     1
 Stab: Confused          |       |       |     4 |     1 ||     5
       Petrifying        |       |       |     1 |       ||     1
  Eat: Chunk             |       |     9 |    16 |     5 ||    30
       Ration            |       |       |       |     1 ||     1
Armor: Scale mail        |    49 |    52 |   133 |    31 ||   265
Dodge: Dodged            |    42 |    67 |   134 |    42 ||   285
Block: Shield            |    54 |   111 |   257 |    87 ||   509
       Large shield      |       |       |       |    20 ||    20
